 Dungeon Crawl Stone Soup version 0.23.2-33-g5129a83184 (webtiles) character file.

Game seed: 8905031778270407720

25 AarnesTheHuman the Shield-Bearer (level 3, 30/30 HPs)
             Began as a Formicid Fighter on Aug 5, 2019.
             Got out of the dungeon alive.
             The game lasted 00:02:15 (574 turns).

AarnesTheHuman the Shield-Bearer (Formicid Fighter)  Turns: 574, Time: 00:02:15

Health: 30/30      AC:  6    Str: 21    XL:     3   Next: 20%
Magic:  3/3        EV:  8    Int:  7    God:
Gold:   67         SH:  9    Dex: 10    Spells: 2/2 levels left

rFire    . . .     SeeInvis +   a - +0 quarterstaff
rCold    . . .     Gourm    .   c - +0 shield
rNeg     . . .     Faith    .   b - +0 scale mail
rPois    .         Spirit   .   (helmet unavailable)
rElec    .         Reflect  .   (no cloak)
rCorr    .         Harm     .   (no gloves)
MR       .....                  (no boots)
Stlth    ..........             (no amulet)
HPRegen  0.10/turn              (no ring)
MPRegen  0.08/turn              (no ring)

@: no status effects
A: permanent stasis, dig shafts and tunnels, four strong arms, antennae 3
a: Dig, Shaft Self


You escaped.
You were not hungry.

You visited 1 branch of the dungeon, and saw 2 of its levels.

You collected 67 gold pieces.

Inventory:

Hand Weapons
 a - a +0 quarterstaff (weapon)
Armour
 b - a +0 scale mail (worn)
 c - a +0 shield (worn)
Scrolls
 e - a scroll of fog {unknown}
 g - a scroll of amnesia {unknown}
 j - a scroll of noise {unknown}
Potions
 d - a potion of might
 h - 2 potions of cancellation {unknown}
 i - a potion of heal wounds {unknown}
Comestibles
 f - 2 rations


   Skills:
 + Level 3.6 Fighting
 + Level 2.4 Staves
 + Level 3.6 Armour
 + Level 4.0 Shields


You had 2 spell levels left.
You didn't know any spells.
Your spell library was empty.

Dungeon Overview and Level Annotations

Branches:
Dungeon (2/15)

Altars:

Annotations:
D:2 Sigmund


Innate Abilities, Weirdness & Mutations

You cannot be hasted, slowed, berserked, paralysed or teleported.
You can dig through walls and to a lower floor.
Your four strong arms can wield two-handed weapons with a shield.
You have a pair of large antennae on your head. (SInv)


Message History

There is a stone staircase leading down here.
All of the chunks of flesh in your inventory have rotted away.
g - a scroll labeled ZINA REICKOESU Done exploring.
Done exploring.
There is a stone staircase leading down here.
You climb downwards.
A frilled lizard, a worm and Sigmund come into view.
Sigmund shouts!
The frilled lizard hisses angrily.
Sigmund gestures wildly while chanting.
Sigmund flickers and vanishes for a moment.
Found 8 gold pieces.
There is a stone staircase leading up here.
You can't go down here!
You climb upwards.
There is a stone staircase leading down here.
You see here a whip.
There is a staircase leading out of the dungeon here.
Are you sure you want to leave the Dungeon?
This will make you lose the game!
You have escaped!

########.##################
..........................#
..........................#
###..###########..#####...#
###..### #..# #...#
.......# #####..# #...#
...(...#####....).#####...#
..........................#
.......#........@.#####...#
##..####.###......# #...#
#..# #.# #......# #...#
#..# #.# ##...### #...#
##..####.####...#######[..#
..........................#
[.........................#
###########################


There were no monsters in sight!

Vanquished Creatures
  A gnoll (D:1)
  A dart slug (D:1)
  3 bats (D:1)
  2 giant cockroaches (D:1)
  A hobgoblin (D:1)
  2 frilled lizards (D:1)
  2 kobolds (D:1)
  4 rats
16 creatures vanquished.

Notes
Turn   | Place    | Note
-------+----------+-------------------------------------------
     0 | D:1      | AarnesTheHuman the Formicid Fighter began the quest for the
                  | Orb.
     0 | D:1      | Reached XP level 1. HP: 18/18 MP: 1/1
    99 | D:1      | Reached XP level 2. HP: 24/24 MP: 2/2
   379 | D:1      | Reached skill level 4 in Shields
   379 | D:1      | Reached XP level 3. HP: 29/29 MP: 3/3
   418 | D:1      | You fall through a shaft!
   532 | D:2      | Noticed Sigmund
   574 | D:$      | Got out of the dungeon alive.

Skill      XL: |  1  2 |
---------------+-------+-----
Shields        | 4 |  4.0
Fighting       | |  3.6
Staves         | |  2.4
Armour         | |  3.6

Action                   || total
-------------------------++-------
Melee: Quarterstaff      ||    46
Armor: Scale mail        ||    16
Dodge: Dodged            ||    24
Block: Shield            ||    24
